 Dungeon Crawl Stone Soup version 0.25-a0-403-g49d089a (webtiles) character file.

Game seed: 5302098878000744590, levelgen mode: deterministic

750 Birdy the Covert (level 8, -2/50 HPs)
             Began as a Halfling Assassin on Jan 9, 2020.
             Was an Initiate of Wu Jian.
             Killed from afar by an orc wizard (5 damage)
             ... with a puff of flame
             ... on level 4 of the Dungeon.
             The game lasted 00:06:58 (3407 turns).

Birdy the Covert (Halfling Assassin)                Turns: 3407, Time: 00:06:59

Health: -2/50      AC:  4    Str: 15    XL:     8   Next: 6%
Magic:  8/8        EV: 15    Int:  9    God:    Wu Jian [......]
Gold:   81         SH:  0    Dex: 18    Spells: 7/7 levels left

rFire    . . .     SeeInvis .   g - +3 whip (elec)
rCold    . . .     Gourm    .   (shield restricted)
rNeg     . . .     Faith    .   b - +0 robe
rPois    .         Spirit   .   (no helmet)
rElec    .         Reflect  .   c - +0 cloak
rCorr    .         Harm     .   m - +0 pair of gloves
MR       .....                  (no boots)
Stlth    ++++......             (no amulet)
HPRegen  0.16/turn              k - +3 ring of strength
MPRegen  0.11/turn              (no ring)

@: no status effects
A: small, mutation resistance 1
a: Renounce Religion


You were on level 4 of the Dungeon.
You worshipped Wu Jian.
Wu Jian was noncommittal.
You were very hungry.

You visited 1 branch of the dungeon, and saw 5 of its levels.

You collected 81 gold pieces.

Inventory:

Hand Weapons
 a - a +2 dagger
 g - a +3 whip of electrocution (weapon)
Missiles
 d - 2 poisoned darts (quivered)
Armour
 b - a +0 robe (worn)
 c - a +0 cloak (worn)
 m - a +0 pair of gloves (worn)
 n - a +2 robe of the Archmagi
Jewellery
 k - a +3 ring of strength (left hand)
Scrolls
 h - a scroll of remove curse
 i - a scroll of enchant weapon
 j - 5 scrolls of teleportation
 l - a scroll of torment
 p - a scroll of identify
Comestibles
 f - 7 rations


   Skills:
 - Level 2.0 Fighting
 - Level 5.1 Short Blades
 - Level 2.0 Throwing
 - Level 2.0 Dodging
 + Level 9.6 Stealth


You had 7 spell levels left.
You didn't know any spells.
Your spell library was empty.

Dungeon Overview and Level Annotations

Branches:
Dungeon (5/15)
 Temple: D:4-7

Altars:
Cheibriados
Fedhas
Makhleb
Wu Jian

Shops:
D:5 (


Innate Abilities, Weirdness & Mutations

You are small and have problems with some larger weapons.
You are somewhat resistant to further mutation.


Message History

You throw a poisoned dart. You hit something but do no damage.
Something hits you but does no damage.
You miss something.
You hear some strange, mumbled words.
A magic dart appears from out of thin air!
The magic dart hits you!
* * * LOW HITPOINT WARNING * * *
You closely miss something. You closely miss something.
You hear some strange, mumbled words.
A magic dart appears from out of thin air!
The magic dart hits you.
* * * LOW HITPOINT WARNING * * *
You aren't carrying any potions.
Unknown command.
You hit something but do no damage.
You hear some strange, mumbled words.
A puff of flame appears from out of thin air!
The puff of flame hits you.
You die...

#....# ##....#
....## #....#
+>...+ #....#
#....#
.#####....#####.#
.........)@{((.(#
.#####....#######
#....# ######


There were no monsters in sight!

Vanquished Creatures
  Duvessa (D:5)
  An ogre (D:5)
  Dowan (D:5)
  A crimson imp (D:5)
  A bullfrog skeleton (D:5)
  A hound (D:5)
  6 orc wizards
  3 worker ants (D:5)
  10 adders
  An ooze (D:3)
  4 worms
  A dart slug (D:2)
  3 leopard geckos
  3 orcs
  9 bats
  8 giant cockroaches
  7 goblins
  5 hobgoblins
  7 jackals
  5 kobolds
  4 quokkas
  4 frilled lizards
  4 rats
90 creatures vanquished.

Notes
Turn   | Place    | Note
-------+----------+-------------------------------------------
     0 | D:1      | Birdy the Halfling Assassin began the quest for the Orb.
     0 | D:1      | Reached XP level 1. HP: 14/14 MP: 1/1
   224 | D:1      | Reached XP level 2. HP: 19/19 MP: 2/2
   789 | D:2      | Reached XP level 3. HP: 24/24 MP: 3/3
   860 | D:2      | Reached skill level 5 in Stealth
   888 | D:2      | Reached XP level 4. HP: 5/29 MP: 4/4
   902 | D:2      | HP: 1/29 [poisoned by an adder]
  1401 | D:2      | Reached XP level 5. HP: 18/34 MP: 5/5
  2712 | D:3      | Reached skill level 6 in Stealth
  2752 | D:3      | You fall into a shaft and drop 2 floors!
  2752 | D:5      | Entered Level 5 of the Dungeon
  2757 | D:5      | Reached XP level 6. HP: 39/39 MP: 6/6
  2758 | D:5      | Reached skill level 5 in Short Blades
  2814 | D:5      | Reached skill level 7 in Stealth
  2833 | D:5      | Found a burning altar of Makhleb.
  2899 | D:5      | Found Zoigoy's Weapon Emporium.
  2908 | D:5      | Noticed Dowan
  2909 | D:5      | Noticed Duvessa
  2917 | D:5      | Killed Duvessa
  2917 | D:5      | Reached XP level 7. HP: 36/45 MP: 7/7
  2927 | D:5      | Killed Dowan
  2927 | D:5      | Reached skill level 8 in Stealth
  3176 | D:5      | Found a blossoming altar of Fedhas.
  3177 | D:5      | Found a snail-covered altar of Cheibriados.
  3312 | D:5      | Found an ornate altar of the Wu Jian Council.
  3317 | D:5      | Reached skill level 9 in Stealth
  3320 | D:5      | Became a worshipper of the Wu Jian Council
  3390 | D:4      | Reached XP level 8. HP: 33/50 MP: 8/8
  3407 | D:4      | Killed from afar by an orc wizard

Levels and vault maps discovered:
D:1:      tarquinn_simple_flora_water_c, layout_loops_ring
D:2:      layout_rooms
D:3:      layout_rooms
D:4:      wad_lake_hut, layout_basic, lemuel_coloured_pillars_altar,
          minmay_temple_entry_metal_lava, first_ration
D:5:      layout_rooms, lemuel_round_altar, makhleb_heckhound_becter,
          minitemple, serial_shops, nicolae_shop_competitors_out_of_business,
          uniq_duvessa

Skill      XL: |  1  2  3  4  5  6  7 |
---------------+----------------------+-----
Fighting       | 2 |  2.0
Short Blades   | 3 4 5 |  5.1
Dodging        | 2 |  2.0
Stealth        | 5 6 7 9 |  9.6
Throwing       | |  2.0

Action                   |  1- 3 |  4- 6 |  7- 9 || total
-------------------------+-------+-------+-------++-------
Melee: Whip              |    49 |   154 |    53 ||   256
       Dagger            |     5 |       |       ||     5
Throw: Dart              |       |    12 |     9 ||    21
Invok: Lunge             |       |       |     1 ||     1
  Use: Scroll            |     3 |     4 |     1 ||     8
       Potion            |     1 |       |       ||     1
 Stab: Sleeping          |     5 |     5 |     6 ||    16
       Distracted        |       |       |     1 ||     1
  Eat: Chunk             |       |     6 |     1 ||     7
Armor: Robe              |    10 |    20 |    11 ||    41
Dodge: Dodged            |    29 |   133 |    32 ||   194

Table legend:
 A = Non-vault XP
 B = Vault XP
 C = Vault XP percentage of total XP
 D = Non-vault monster count
 E = Vault monster count
 F = Vault count percentage of total count
                 A         B        C        D         E       F
            +---------+---------+-------+---------+---------+-------
      Total |     818 |     254 |  23.7 |      87 |       3 |   3.3
            +---------+---------+-------+---------+---------+-------
        D:1 |      27 |       0 |   0.0 |      15 |       0 |   0.0
        D:2 |     146 |       0 |   0.0 |      32 |       0 |   0.0
        D:3 |      63 |       0 |   0.0 |      17 |       0 |   0.0
        D:4 |     164 |       0 |   0.0 |       4 |       0 |   0.0
        D:5 |     418 |     254 |  37.8 |      19 |       3 |  13.6
            +---------+---------+-------+---------+---------+-------
